 Dungeon Crawl Stone Soup version 0.30-a0-4-ga7cffc901d (webtiles) character file.

Game seed: 5198847454707412019

9 greenreed the Chiller (level 2, -1/19 HPs)
             Began as a Merfolk Ice Elementalist on Aug 21, 2022.
             Slain by a kobold
             ... wielding a +0 short sword
              (4 damage)
             ... on level 1 of the Dungeon.
             The game lasted 00:01:24 (399 turns).

greenreed the Chiller (Merfolk Ice Elementalist)     Turns: 399, Time: 00:01:25

Health: -1/19      AC:  2    Str:  8    XL:     2   Next: 12%
Magic:  0/5        EV: 12    Int: 14    God:
Gold:   5          SH:  0    Dex: 14    Spells: 4/5 levels left

rFire   . . .      SeeInvis .    (no weapon)
rCold   . . .      Faith    .    (no shield)
rNeg    . . .      Spirit   .    a - +0 robe
rPois   .          Reflect  .    (no helmet)
rElec   .          Harm     .    (no cloak)
rCorr   .          Rampage  .    (no gloves)
Will    .....                    (no boots)
Stlth   ++........               (no amulet)
HPRegen 0.06/turn                (no ring)
MPRegen 0.09/turn                (no ring)

@: no status effects
A: (nimble swimmer 2), mertail
a: no special abilities


You were on level 1 of the Dungeon.
You visited 1 branch of the dungeon, and saw 1 of its levels.

You collected 5 gold pieces.

Inventory:

Armour
 a - a +0 robe (worn)
Scrolls
 e - a scroll of acquirement {unknown}
Potions
 b - a potion of magic
 c - a potion of might {unknown}
 d - a potion of brilliance {unknown}


   Skills:
 + Level 2.7 Dodging
 + Level 2.2 Stealth
 + Level 2.1 Spellcasting
 + Level 4.7 Ice Magic


You had 4 spell levels left.
You knew the following spells:

 Your Spells              Type           Power      Damage    Failure   Level
a - Freeze                Ice            56%        1d7       3%          1

Your spell library contained the following spells:

 Spells                   Type           Power      Damage    Failure   Level
 Frozen Ramparts          Ice            28%        1d5       10%         3
 Ozocubu's Armour         Ice            14%        N/A       10%         3
 Hailstorm                Conj/Ice       8%         3d4       65%         4


Dungeon Overview and Level Annotations

Branches:
Dungeon (1/15)

Altars:


Innate Abilities, Weirdness & Mutations

((You are very nimble when in or above water. (Stealth+, EV+, Speed+++)))
Your lower body shifts to a powerful aquatic tail in water.


Message History

You freeze the hobgoblin.
The hobgoblin is moderately wounded.
A hobgoblin comes into view.
The hobgoblin closely misses you.
Casting: Freeze (safe; 3% risk of failure)
Confirm with . or Enter, or press ? or * to list all spells.
Aiming: Freeze (safe; 3% risk of failure)
Press: ? - help, Shift-Dir - straight line, f/p - hobgoblin
Aim: a hobgoblin (moderately wounded)
You freeze the hobgoblin.
The hobgoblin is heavily wounded.
The hobgoblin closely misses you.
A kobold comes into view. It is wielding a +0 short sword.
The kobold shouts!
The endoplasm quivers.
The kobold throws a stone.
The stone hits you but does no damage. The endoplasm hits you.
The kobold throws a stone.
The stone hits you. The hobgoblin attacks as you move away!
The hobgoblin hits you. The endoplasm misses you.
Casting: Freeze (safe; 3% risk of failure)
Confirm with . or Enter, or press ? or * to list all spells.
Aiming: Freeze (safe; 3% risk of failure)
Press: ? - help, Shift-Dir - straight line, f/p - hobgoblin
Aim: a hobgoblin (heavily wounded)
You freeze the hobgoblin.
The hobgoblin is almost dead.
The endoplasm hits you.
A bat comes into view.
Found a leather armour.
The kobold hits you with a +0 short sword.
The bat moves out of view.
The hobgoblin hits you but does no damage.
The kobold barely misses you. The kobold attacks as you move away!
The kobold hits you with a +0 short sword.
The hobgoblin closely misses you.
You open the door. The endoplasm completely misses you. The hobgoblin hits you.
* * * LOW HITPOINT WARNING * * *
The kobold hits you with a +0 short sword.
You die...

..............# ..
#.g########.# #.
#..†........# .##
#.####....#.#### ... #.
#........^# ++++++.# #.##
#.........# +....+.#
....##.........# +....+.#
###.....gg####### +..<.'..
.........J@g...... +....+..
....##...K.######..++++++#.
... #...........#........#.
[. #.#.........#.######...
. #...........# #####.
...###..######.# # #...'.
#.............#.# #.###.
#...#.........#.## #†# ##
#.#.######.##....# #)####


You could see an endoplasm, 2 hobgoblins, a goblin and a kobold.

Vanquished Creatures
  A ball python (D:1)
  A bat (D:1)
  2 goblins (D:1)
  2 jackals (D:1)
  A frilled lizard (D:1)
7 creatures vanquished.

Notes
Turn   | Place    | Note
-------+----------+-------------------------------------------
     0 | D:1      | greenreed the Merfolk Ice Elementalist began the quest for
                  | the Orb.
     0 | D:1      | Reached XP level 1. HP: 13/13 MP: 3/3
   347 | D:1      | Reached XP level 2. HP: 19/19 MP: 3/5
   399 | D:1      | Slain by a kobold

Illustrated notes

Levels and vault maps discovered:
D:1:      lightli_arrival_maybe_door_vault, layout_basic,
          basic_ecumenical_altar, minmay_pentomino_o4

Action                   || total
-------------------------++-------
Melee: Unarmed           ||     4
 Cast: Freeze            ||    13
Armor: Robe              ||     5
Dodge: Dodged            ||    14

Table legend: (Time is in decaauts)
 A = Elapsed time spent in this place.
 B = Non-inter-level travel time spent in this place.
 C = Inter-level travel time spent in this place.
 D = Time resting spent in this place.
 E = Time spent auto-exploring this place.
 F = Levels seen in this place.
 G = Mean time per level.
                   A        B        C        D        E       F      G
               +--------+--------+--------+--------+--------+-----+--------+
         Total |    399 |    399 |      0 |      0 |    333 |   1 |  399.0 |
       Dungeon |    399 |    399 |      0 |      0 |    333 |   1 |  399.0 |
               +--------+--------+--------+--------+--------+-----+--------+

Top non-repeatable levels by time:
     D:1: 399 daAuts
